Workbook

Sheet Dépenses
A1: Gestion des dépenses personnelles | N1: Paramètres TVA | P1: Modes de paiement | Q1: Dépense récurrente
A2: Saisissez une opération par ligne. Les cellules jaunes sont modifiables ; la TVA et le montant HT sont calculés automatiquement. | N2: Catégorie | O2: Taux de TVA | P2: Liste | Q2: Liste
A3: Date | B3: Libellé | C3: Catégorie | D3: Sous-catégorie | E3: Mode de paiement | F3: Ville | G3: Montant TTC | H3: TVA | I3: Montant HT | J3: Dépense récurrente ? | K3: Commentaire | N3: Logement | O3: 0.2 | P3: Carte bancaire | Q3: Oui
A4: 46027 | B4: Camille — Loyer mensuel | C4: Logement | D4: Loyer | E4: Prélèvement | F4: Paris | G4: 950 | H4: =IF('Dépenses'!C4="","",IFERROR(VLOOKUP('Dépenses'!C4,'Dépenses'!$N$3:$O$10,2,FALSE),20%)) | I4: =IF('Dépenses'!G4="","",IFERROR('Dépenses'!G4/(1+'Dépenses'!H4),0)) | J4: Oui | K4: Mensualité de janvier | N4: Alimentation | O4: 0.055 | P4: Prélèvement | Q4: Non
A5: 46033 | B5: Julien — Courses alimentaires | C5: Alimentation | D5: Courses alimentaires | E5: Carte bancaire | F5: Lyon | G5: 86.45 | H5: =IF('Dépenses'!C5="","",IFERROR(VLOOKUP('Dépenses'!C5,'Dépenses'!$N$3:$O$10,2,FALSE),20%)) | I5: =IF('Dépenses'!G5="","",IFERROR('Dépenses'!G5/(1+'Dépenses'!H5),0)) | J5: Non | K5: Achats hebdomadaires | N5: Transport | O5: 0.1 | P5: Virement
A6: 46038 | B6: Chloé — Abonnement transport | C6: Transport | D6: Transports en commun | E6: Carte bancaire | F6: Marseille | G6: 74.1 | H6: =IF('Dépenses'!C6="","",IFERROR(VLOOKUP('Dépenses'!C6,'Dépenses'!$N$3:$O$10,2,FALSE),20%)) | I6: =IF('Dépenses'!G6="","",IFERROR('Dépenses'!G6/(1+'Dépenses'!H6),0)) | J6: Oui | K6: Abonnement mensuel | N6: Loisirs | O6: 0.1 | P6: Espèces
A7: 46044 | B7: Thomas — Restaurant | C7: Loisirs | D7: Restaurant | E7: Carte bancaire | F7: Toulouse | G7: 42 | H7: =IF('Dépenses'!C7="","",IFERROR(VLOOKUP('Dépenses'!C7,'Dépenses'!$N$3:$O$10,2,FALSE),20%)) | I7: =IF('Dépenses'!G7="","",IFERROR('Dépenses'!G7/(1+'Dépenses'!H7),0)) | J7: Non | K7: Dîner entre amis | N7: Santé | O7: 0.055
A8: 46050 | B8: Léa — Électricité | C8: Logement | D8: Énergie | E8: Prélèvement | F8: Bordeaux | G8: 68.32 | H8: =IF('Dépenses'!C8="","",IFERROR(VLOOKUP('Dépenses'!C8,'Dépenses'!$N$3:$O$10,2,FALSE),20%)) | I8: =IF('Dépenses'!G8="","",IFERROR('Dépenses'!G8/(1+'Dépenses'!H8),0)) | J8: Oui | K8: Facture mensuelle | N8: Abonnements | O8: 0.2
A9: 46058 | B9: Nicolas — Assurance habitation | C9: Assurances | D9: Assurance habitation | E9: Prélèvement | F9: Lille | G9: 27.8 | H9: =IF('Dépenses'!C9="","",IFERROR(VLOOKUP('Dépenses'!C9,'Dépenses'!$N$3:$O$10,2,FALSE),20%)) | I9: =IF('Dépenses'!G9="","",IFERROR('Dépenses'!G9/(1+'Dépenses'!H9),0)) | J9: Oui | K9: Cotisation mensuelle | N9: Assurances | O9: 0.2
A10: 46064 | B10: Manon — Pharmacie | C10: Santé | D10: Pharmacie | E10: Carte bancaire | F10: Nantes | G10: 19.6 | H10: =IF('Dépenses'!C10="","",IFERROR(VLOOKUP('Dépenses'!C10,'Dépenses'!$N$3:$O$10,2,FALSE),20%)) | I10: =IF('Dépenses'!G10="","",IFERROR('Dépenses'!G10/(1+'Dépenses'!H10),0)) | J10: Non | K10: Produits de santé | N10: Vêtements | O10: 0.2
A11: 46069 | B11: Hugo — Carburant | C11: Transport | D11: Carburant | E11: Carte bancaire | F11: Strasbourg | G11: 55 | H11: =IF('Dépenses'!C11="","",IFERROR(VLOOKUP('Dépenses'!C11,'Dépenses'!$N$3:$O$10,2,FALSE),20%)) | I11: =IF('Dépenses'!G11="","",IFERROR('Dépenses'!G11/(1+'Dépenses'!H11),0)) | J11: Non | K11: Plein de carburant
A12: 46075 | B12: Émilie — Abonnement streaming | C12: Abonnements | D12: Streaming | E12: Prélèvement | F12: Nice | G12: 15.99 | H12: =IF('Dépenses'!C12="","",IFERROR(VLOOKUP('Dépenses'!C12,'Dépenses'!$N$3:$O$10,2,FALSE),20%)) | I12: =IF('Dépenses'!G12="","",IFERROR('Dépenses'!G12/(1+'Dépenses'!H12),0)) | J12: Oui | K12: Abonnement vidéo
A13: 46081 | B13: Lucas — Achat vêtements | C13: Vêtements | D13: Vêtements | E13: Carte bancaire | F13: Rennes | G13: 89.9 | H13: =IF('Dépenses'!C13="","",IFERROR(VLOOKUP('Dépenses'!C13,'Dépenses'!$N$3:$O$10,2,FALSE),20%)) | I13: =IF('Dépenses'!G13="","",IFERROR('Dépenses'!G13/(1+'Dépenses'!H13),0)) | J13: Non | K13: Vêtements de saison
H14: =IF('Dépenses'!C14="","",IFERROR(VLOOKUP('Dépenses'!C14,'Dépenses'!$N$3:$O$10,2,FALSE),20%)) | I14: =IF('Dépenses'!G14="","",IFERROR('Dépenses'!G14/(1+'Dépenses'!H14),0))
H15: =IF('Dépenses'!C15="","",IFERROR(VLOOKUP('Dépenses'!C15,'Dépenses'!$N$3:$O$10,2,FALSE),20%)) | I15: =IF('Dépenses'!G15="","",IFERROR('Dépenses'!G15/(1+'Dépenses'!H15),0))
H16: =IF('Dépenses'!C16="","",IFERROR(VLOOKUP('Dépenses'!C16,'Dépenses'!$N$3:$O$10,2,FALSE),20%)) | I16: =IF('Dépenses'!G16="","",IFERROR('Dépenses'!G16/(1+'Dépenses'!H16),0))
H17: =IF('Dépenses'!C17="","",IFERROR(VLOOKUP('Dépenses'!C17,'Dépenses'!$N$3:$O$10,2,FALSE),20%)) | I17: =IF('Dépenses'!G17="","",IFERROR('Dépenses'!G17/(1+'Dépenses'!H17),0))
H18: =IF('Dépenses'!C18="","",IFERROR(VLOOKUP('Dépenses'!C18,'Dépenses'!$N$3:$O$10,2,FALSE),20%)) | I18: =IF('Dépenses'!G18="","",IFERROR('Dépenses'!G18/(1+'Dépenses'!H18),0))
H19: =IF('Dépenses'!C19="","",IFERROR(VLOOKUP('Dépenses'!C19,'Dépenses'!$N$3:$O$10,2,FALSE),20%)) | I19: =IF('Dépenses'!G19="","",IFERROR('Dépenses'!G19/(1+'Dépenses'!H19),0))
H20: =IF('Dépenses'!C20="","",IFERROR(VLOOKUP('Dépenses'!C20,'Dépenses'!$N$3:$O$10,2,FALSE),20%)) | I20: =IF('Dépenses'!G20="","",IFERROR('Dépenses'!G20/(1+'Dépenses'!H20),0))
H21: =IF('Dépenses'!C21="","",IFERROR(VLOOKUP('Dépenses'!C21,'Dépenses'!$N$3:$O$10,2,FALSE),20%)) | I21: =IF('Dépenses'!G21="","",IFERROR('Dépenses'!G21/(1+'Dépenses'!H21),0))
H22: =IF('Dépenses'!C22="","",IFERROR(VLOOKUP('Dépenses'!C22,'Dépenses'!$N$3:$O$10,2,FALSE),20%)) | I22: =IF('Dépenses'!G22="","",IFERROR('Dépenses'!G22/(1+'Dépenses'!H22),0))
H23: =IF('Dépenses'!C23="","",IFERROR(VLOOKUP('Dépenses'!C23,'Dépenses'!$N$3:$O$10,2,FALSE),20%)) | I23: =IF('Dépenses'!G23="","",IFERROR('Dépenses'!G23/(1+'Dépenses'!H23),0))
H24: =IF('Dépenses'!C24="","",IFERROR(VLOOKUP('Dépenses'!C24,'Dépenses'!$N$3:$O$10,2,FALSE),20%)) | I24: =IF('Dépenses'!G24="","",IFERROR('Dépenses'!G24/(1+'Dépenses'!H24),0))
H25: =IF('Dépenses'!C25="","",IFERROR(VLOOKUP('Dépenses'!C25,'Dépenses'!$N$3:$O$10,2,FALSE),20%)) | I25: =IF('Dépenses'!G25="","",IFERROR('Dépenses'!G25/(1+'Dépenses'!H25),0))
... H103: =IF('Dépenses'!C103="","",IFERROR(VLOOKUP('Dépenses'!C103,'Dépenses'!$N$3:$O$10,2,FALSE),20%)) | I103: =IF('Dépenses'!G103="","",IFERROR('Dépenses'!G103/(1+'Dépenses'!H103),0))

Sheet Synthèse
A1: Synthèse des dépenses personnelles
A3: Indicateurs clés
A4: Total des dépenses TTC | B4: =SUM('Dépenses'!$G$4:$G$103)
A5: Dépense moyenne | B5: =IFERROR(AVERAGE('Dépenses'!$G$4:$G$103),0)
A6: Nombre de dépenses | B6: =COUNTIF('Dépenses'!$G$4:$G$103,">0")
A7: Dépenses récurrentes | B7: =COUNTIF('Dépenses'!$J$4:$J$103,"Oui")
A8: Budget mensuel prévu | B8: 2000
A9: Taux de budget consommé | B9: =IFERROR('Synthèse'!B4/'Synthèse'!B8,0)
A10: Reste à dépenser | B10: ='Synthèse'!B8-'Synthèse'!B4
A12: Répartition par catégorie
A13: Catégorie | B13: Total TTC | C13: Part du total | D13: Nombre de transactions | E13: Budget indicatif | F13: Écart au budget
A14: Logement | B14: =SUMIF('Dépenses'!$C$4:$C$103,'Synthèse'!A14,'Dépenses'!$G$4:$G$103) | C14: =IFERROR('Synthèse'!B14/'Synthèse'!$B$4,0) | D14: =COUNTIF('Dépenses'!$C$4:$C$103,'Synthèse'!A14) | E14: 1000 | F14: ='Synthèse'!E14-'Synthèse'!B14
A15: Alimentation | B15: =SUMIF('Dépenses'!$C$4:$C$103,'Synthèse'!A15,'Dépenses'!$G$4:$G$103) | C15: =IFERROR('Synthèse'!B15/'Synthèse'!$B$4,0) | D15: =COUNTIF('Dépenses'!$C$4:$C$103,'Synthèse'!A15) | E15: 350 | F15: ='Synthèse'!E15-'Synthèse'!B15
A16: Transport | B16: =SUMIF('Dépenses'!$C$4:$C$103,'Synthèse'!A16,'Dépenses'!$G$4:$G$103) | C16: =IFERROR('Synthèse'!B16/'Synthèse'!$B$4,0) | D16: =COUNTIF('Dépenses'!$C$4:$C$103,'Synthèse'!A16) | E16: 150 | F16: ='Synthèse'!E16-'Synthèse'!B16
A17: Loisirs | B17: =SUMIF('Dépenses'!$C$4:$C$103,'Synthèse'!A17,'Dépenses'!$G$4:$G$103) | C17: =IFERROR('Synthèse'!B17/'Synthèse'!$B$4,0) | D17: =COUNTIF('Dépenses'!$C$4:$C$103,'Synthèse'!A17) | E17: 150 | F17: ='Synthèse'!E17-'Synthèse'!B17
A18: Santé | B18: =SUMIF('Dépenses'!$C$4:$C$103,'Synthèse'!A18,'Dépenses'!$G$4:$G$103) | C18: =IFERROR('Synthèse'!B18/'Synthèse'!$B$4,0) | D18: =COUNTIF('Dépenses'!$C$4:$C$103,'Synthèse'!A18) | E18: 80 | F18: ='Synthèse'!E18-'Synthèse'!B18
A19: Abonnements | B19: =SUMIF('Dépenses'!$C$4:$C$103,'Synthèse'!A19,'Dépenses'!$G$4:$G$103) | C19: =IFERROR('Synthèse'!B19/'Synthèse'!$B$4,0) | D19: =COUNTIF('Dépenses'!$C$4:$C$103,'Synthèse'!A19) | E19: 70 | F19: ='Synthèse'!E19-'Synthèse'!B19
A20: Assurances | B20: =SUMIF('Dépenses'!$C$4:$C$103,'Synthèse'!A20,'Dépenses'!$G$4:$G$103) | C20: =IFERROR('Synthèse'!B20/'Synthèse'!$B$4,0) | D20: =COUNTIF('Dépenses'!$C$4:$C$103,'Synthèse'!A20) | E20: 50 | F20: ='Synthèse'!E20-'Synthèse'!B20
A21: Vêtements | B21: =SUMIF('Dépenses'!$C$4:$C$103,'Synthèse'!A21,'Dépenses'!$G$4:$G$103) | C21: =IFERROR('Synthèse'!B21/'Synthèse'!$B$4,0) | D21: =COUNTIF('Dépenses'!$C$4:$C$103,'Synthèse'!A21) | E21: 150 | F21: ='Synthèse'!E21-'Synthèse'!B21
A24: Évolution mensuelle
A25: Mois | B25: Début | C25: Fin | D25: Total TTC | E25: Transactions
A26: Janvier 2026 | B26: 46023 | C26: 46053 | D26: =SUMIFS('Dépenses'!$G$4:$G$103,'Dépenses'!$A$4:$A$103,">="&'Synthèse'!B26,'Dépenses'!$A$4:$A$103,"<="&'Synthèse'!C26) | E26: =COUNTIFS('Dépenses'!$A$4:$A$103,">="&'Synthèse'!B26,'Dépenses'!$A$4:$A$103,"<="&'Synthèse'!C26,'Dépenses'!$G$4:$G$103,">0")
A27: Février 2026 | B27: 46054 | C27: 46081 | D27: =SUMIFS('Dépenses'!$G$4:$G$103,'Dépenses'!$A$4:$A$103,">="&'Synthèse'!B27,'Dépenses'!$A$4:$A$103,"<="&'Synthèse'!C27) | E27: =COUNTIFS('Dépenses'!$A$4:$A$103,">="&'Synthèse'!B27,'Dépenses'!$A$4:$A$103,"<="&'Synthèse'!C27,'Dépenses'!$G$4:$G$103,">0")

Sheet Mode d'emploi
A1: Mode d’emploi — Gestion des dépenses personnelles
A3: Étape | B3: Instruction | C3: Détail
A4: 1 | B4: Saisir chaque dépense | C4: Ajoutez chaque dépense dans la feuille « Dépenses ».
A5: 2 | B5: Utiliser une ligne par opération | C5: Créez une nouvelle ligne pour chaque achat, facture ou prélèvement.
A6: 3 | B6: Choisir les listes proposées | C6: Sélectionnez une catégorie, un mode de paiement et l’indicateur Oui ou Non dans les listes.
A7: 4 | B7: Renseigner les montants TTC | C7: Saisissez le montant payé en euros TTC. La TVA et le montant HT sont calculés automatiquement.
A8: 5 | B8: Consulter la Synthèse | C8: Utilisez la feuille « Synthèse » pour suivre les dépenses, les budgets et leur évolution.
A9: 6 | B9: Adapter les paramètres | C9: Modifiez le budget mensuel, les budgets indicatifs et les taux de TVA selon votre situation.
A10: 7 | B10: Respecter les bonnes pratiques | C10: Ne saisissez aucune donnée sensible inutile, conformément aux bonnes pratiques CNIL et RGPD.
A13: Conseil | B13: Conservez uniquement les informations nécessaires au suivi de votre budget personnel.
